 Dungeon Crawl Stone Soup version 0.28-a0-385-g79de503ca0 (webtiles) character file.

Game seed: 2610947469848712928

19498 Fv001 the Carver (level 12, -4/78 (86) HPs)
             Began as a Palentonga Warper on July 26, 2021.
             Was a Believer of Hepliaklqana.
             Killed from afar by an orc sorcerer (23 damage)
             ... with a bolt of fire
             ... on level 2 of the Orcish Mines on Sept 3, 2021.
             The game lasted 01:19:59 (20207 turns).

Fv001 the Carver (Palentonga Warper)               Turns: 20207, Time: 01:20:00

HP:   -4/78 (86)    AC: 33    Str: 20    XL:     12   Next: 37%
MP:   8/24          EV:  8    Int: 14    God:    Hepliaklqana [**....]
Gold: 1112          SH: 10    Dex: 18    Spells: 8/27 levels left

rFire   . . .      SeeInvis +   a - +1 scimitar
rCold   . . .      Faith    .   f - +0 kite shield
rNeg    . . .      Spirit   .   k - +5 ring mail
rPois   .          Reflect  .   A - +2 helmet {SInv}
rElec   .          Harm     .   y - +2 cloak {Will+}
rCorr   .          Rampage  .   x - +1 pair of gloves {Dex+3}
Will    +....                   P - +1 barding {Stlth+}
Stlth   +++.......              (no amulet)
HPRegen 0.23/turn               n - ring of wizardry
MPRegen 0.19/turn               r - ring of the Modern Visionaries {Str+6 SInv}

@: drained, curled up
A: reduced essence, large, rugged brown scales 3, see invisible, deformed body,
roll 1, armoured tail, reflexive curl
a: Rolling Charge, Renounce Religion, Recall Ancestor, Ancestor Identity


You were on level 2 of the Orcish Mines.
You worshipped Hepliaklqana.
Hepliaklqana was pleased with you.
You visited 4 branches of the dungeon, and saw 14 of its levels.
You also visited: Ossuary and Bailey.

You collected 2283 gold pieces.
You spent 1171 gold pieces at shops.

Inventory:

Hand Weapons
 a - a +1 scimitar (weapon)
 b - a +0 dagger
 c - a +0 rapier
Missiles
 q - 36 boomerangs (quivered)
Armour
 d - a +0 leather armour
 f - a +0 kite shield (worn)
 h - a +0 plate armour
 j - a +3 chain mail
 k - a +5 ring mail (worn)
 x - a +1 pair of gloves of dexterity (worn)
 y - a +2 cloak of willpower (worn)
 A - a +2 helmet of see invisible (worn)
 M - the +3 hat of Pondering {ponderous, Will+ MP+10 Int+5}
   (You took it off Gastronok on level 1 of the Lair of Beasts)

   Int:       It affects your intelligence (+5).
   MP:        It affects your magic capacity (+10).
   Will:      It increases your willpower.
 P - a +1 barding of stealth (worn)
Jewellery
 n - a ring of wizardry (left hand)
 r - the ring of the Modern Visionaries (right hand) {Str+6 SInv}
   (You found it on level 7 of the Dungeon)

   [ring of strength]

   Str:       It affects your strength (+6).
   SInv:      It lets you see invisible.
 z - a ring of wizardry
 J - a +6 ring of dexterity
 R - a +4 ring of protection
Wands
 s - a wand of polymorph (3)
 u - a wand of iceblast (7)
 w - a wand of paralysis (9)
 G - a wand of flame (19)
Scrolls
 e - a scroll of summoning {unknown}
 o - a scroll of vulnerability {unknown}
 B - 5 scrolls of teleportation
 C - a scroll of amnesia
 H - 3 scrolls of fear {unknown}
 I - 2 scrolls of noise {unknown}
 K - 3 scrolls of fog {unknown}
 N - a scroll of magic mapping
 O - 2 scrolls of holy word {unknown}
Potions
 g - a potion of haste
 i - 3 potions of heal wounds
 l - 4 potions of brilliance
 m - 2 potions of lignification
 p - 3 potions of berserk rage
 t - 4 potions of mutation
 v - 2 potions of flight
 D - 2 potions of magic
 E - a potion of ambrosia
 L - a potion of degeneration {unknown}
 Q - 2 potions of curing


   Skills:
 + Level 6.6 Fighting
 + Level 9.8 Long Blades
 + Level 1.3 Throwing
 + Level 5.5 Armour
 + Level 5.2 Dodging
 + Level 2.5 Stealth
 + Level 4.8 Shields
 + Level 0.1 Unarmed Combat
 + Level 8.1 Spellcasting
 + Level 1.7 Conjurations
 + Level 1.2 Hexes
 + Level 9.7 Translocations
 + Level 1.3 Ice Magic
 + Level 0.1 Evocations


You had 8 spell levels left.
You knew the following spells:

 Your Spells              Type           Power      Damage    Failure   Level
a - Blink                 Tloc           N/A        N/A       1%          2
b - Gell's Gravitas       Tloc           16%        N/A       1%          3
c - Lesser Beckoning      Tloc           32%        N/A       1%          3
d - Ensorcelled Hibernat  Hex/Ice        18%        N/A       17%         2
e - Magic Dart            Conj           40%        1d5       10%         1
f - Teleport Other        Tloc           32%        N/A       1%          3
g - Manifold Assault      Tloc           32%        N/A       11%         5

Your spell library contained the following spells:

 Spells                   Type           Power      Damage    Failure   Level
 Corona                   Hex            10%        N/A       12%         1
 Freeze                   Ice            36%        1d6       12%         1
 Searing Ray              Conj           20%        3d3       16%         2
 Beastly Appendage        Tmut           10%        N/A       21%         1
 Wereblood                Tmut           5%         N/A       28%         2
 Frozen Ramparts          Ice            18%        1d3       32%         3
 Tukima's Dance           Hex            9%         N/A       32%         3
 Spider Form              Tmut/Pois      2%         N/A       50%         3
 Hailstorm                Conj/Ice       10%        3d5       67%         4
 Fulminant Prism          Conj/Hex       4%         3d6       69%         4


Dungeon Overview and Level Annotations

Branches:
Dungeon (9/15)             Temple (1/1) D:6            Lair (2/6) D:8
    Orc (2/2) D:9             Elf (0/3) Orc:2       Ossuary (visited)
 Bailey (visited)
  Swamp: Lair:2-4    Shoals: Lair:2-4     Snake: Lair:2-4    Spider: Lair:2-4

Altars:
Ashenzari
Cheibriados
Dithmenos
Elyvilon
Fedhas
Gozag
Hepliaklqana
Kikubaaqudgha
Makhleb
Nemelex Xobeh
Okawaru
Qazlal
Ru
Sif Muna
Trog
Uskayaw
Vehumet
Wu Jian
Xom
Yredelemnul
Zin
The Shining One
Beogh

Shops:
D:7 *([[   Orc:1 :   Orc:2 (*


Innate Abilities, Weirdness & Mutations

Your life essence is reduced to manifest your ancestor. (-10% HP)
You are completely covered in rugged brown scales. (AC +3, +7% HP)
You have supernaturally acute eyesight. (SInv)
Armour fits poorly on your strangely shaped body.
You can roll at nearby foes to attack.
You have a long armoured tail.
You curl defensively after being hit.


Message History

The bolt of negative energy hits you!!
You feel drained. You block the orc warrior's attack.
Chomolangma hits the orc warrior with a +0 flail!
The orc warrior dies!
The soul eater hits you.
Casting: Gell's Gravitas (safe; 1% risk of failure)
Confirm with . or Enter, or press ? or * to list all spells.
Aiming: Gell's Gravitas (safe; 1% risk of failure)
Press: ? - help, Dir - move target, f/p - orc sorcerer
Aim: an orc sorcerer, wielding a +2 dagger of venom and wearing a +2 robe of cold resistance (moderately wounded) Gravity reorients around the orc sorcerer.
The soul eater collides with the orc wizard!
The orc warrior collides with the orc sorcerer! x2
The soul eater hits you.
You feel drained.
You hit the orc wizard. You tail-slap the orc wizard.
You kill the orc wizard!
Chomolangma hits the soul eater but does no damage.
You block the orc warrior's attack.
The soul eater hits you but does no damage.
You closely miss the orc warrior.
The orc warrior is lightly wounded.
The orc warrior barely misses Chomolangma.
An orc priest comes into view. It is wielding a +0 whip.
Chomolangma hits the soul eater but does no damage.
You block the orc warrior's attack. The soul eater hits you.
You feel drained.
Unknown command.
You closely miss the orc sorcerer.
The orc sorcerer is heavily wounded.
Chomolangma hits the soul eater with a +0 flail!
You block the orc warrior's attack.
The soul eater hits you but does no damage.
Unknown command.
You closely miss the orc sorcerer.
The orc sorcerer is heavily wounded.
The orc priest mumbles some strange prayers to Beogh against you.
Beogh smites you!
* * * LOW HITPOINT WARNING * * *
The orc sorcerer gestures at you while chanting.
The bolt of fire hits you!!
You die...

##... .#...# ###># '.o.'
#.### ##.##. #.).#
#.#.###....# ##)))##
#.....#..... . #8...8#
#.#......... ..# #.o.o.
##..##........
#...##'3o##...###....#...
#...)R@...## #.........
###.8)8.#####..###)#)..
#.....#####..##.[)##..
#.#.....##.#.##..[[)##.
..............#.......#.
....#...#......#...8...#.
.......#.#.....#..._...#.
.......####..#.##.....##.
#.##.## #.##..##.∩.##..


You could see the friendly Chomolangma the knight, a soul eater (summoned, ally
target), an orc sorcerer, 2 orc warriors and an orc priest.

Vanquished Creatures
  An orc high priest (Orc:2)
  Pikel (D:8)
  An orc knight (Bailey)
  An orc sorcerer (Orc:1)
  2 trolls
  A polar bear (Lair:1)
  6 wyverns
  4 yaks (D:8)
  A steam dragon (D:8)
  Menkaure (D:4)
  A warg (Orc:2)
  8 water moccasins
  23 orc warriors
  3 black bears
  3 hornet zombies (Ossuary)
  A sky beast (D:8)
  6 ogres
  A necrophage (D:7)
  6 wolves
  3 centaurs
  2 phantoms
  A lemure (D:9)
  2 kobold brigands
  7 bullfrogs
  2 water moccasin zombies (Ossuary)
  3 scorpions
  2 wyvern zombies
  A wyvern skeleton (D:7)
  A water moccasin skeleton (D:4)
  13 killer bees
  An electric eel (Lair:1)
  A howler monkey (D:9)
  5 bullfrog zombies (Ossuary)
  A centaur skeleton (D:7)
  3 hounds
  12 orc priests
  4 gnoll shamans
  3 jellies (D:6)
  6 centaur zombies
  A bullfrog skeleton (D:6)
  2 iguanas
  11 orc wizards
  5 killer bee zombies
  10 mummies (Ossuary)
  5 howler monkey zombies
  39 gnolls
  4 adders
  2 shadow imps
  2 white imps
  2 ufetubi
  2 dart slugs
  80 orcs
  6 ball pythons
  3 endoplasms
  A giant cockroach (D:3)
  14 goblins
  28 hobgoblins
  4 jackals
  3 quokkas
  2 bats
  3 frilled lizards
  16 kobolds
  2 rats (D:3)
391 creatures vanquished.

Vanquished Creatures (collateral kills)
  Gastronok (Lair:1)
  A two-headed ogre (Orc:1)
  An orc high priest (Orc:2)
  An orc knight (Orc:1)
  6 yaks
  A warg (Orc:1)
  10 orc warriors
  An ice beast (D:8)
  An ogre (Orc:2)
  A wolf (Lair:1)
  A kobold brigand (D:8)
  2 gnoll sergeants (D:9)
  4 killer bees (D:8)
  An electric eel (Lair:1)
  A centaur zombie (D:8)
  2 orc priests
  3 orc wizards (Orc:2)
  4 gnolls
  10 orcs
  2 hobgoblins (Bailey)
54 creatures vanquished.

Vanquished Creatures (others)
  12 ancestors
  2 knights
  7 fungi
  20 plants
  8 withered plants (Ossuary)
49 creatures vanquished.

Grand Total: 494 creatures vanquished

Notes
Turn   | Place    | Note
-------+----------+-------------------------------------------
     0 | D:1      | Fv001 the Palentonga Warper began the quest for the Orb.
     0 | D:1      | Reached XP level 1. HP: 17/17 MP: 3/3
     6 | D:1      | Noticed a rime drake
     6 | D:1      | Noticed a swamp worm
     7 | D:1      | Noticed a black bear
     7 | D:1      | Noticed a salamander
   798 | D:1      | Reached XP level 2. HP: 23/23 MP: 5/5
   939 | D:1      | Learned a level 2 spell: Blink
  1059 | D:2      | Reached skill level 1 in Armour
  1108 | D:2      | Reached XP level 3. HP: 19/28 MP: 6/6
  2154 | D:3      | HP: 1/28 [killer bee zombie (6)]
  2544 | D:3      | Reached XP level 4. HP: 36/36 MP: 7/7
  2721 | D:3      | Learned a level 3 spell: Gell's Gravitas
  3146 | D:3      | Reached XP level 5. HP: 22/43 MP: 8/8
  3727 | D:4      | Reached skill level 1 in Shields
  3853 | D:4      | Reached XP level 6. HP: 43/50 MP: 3/9
  4760 | D:5      | Entered Level 5 of the Dungeon
  5070 | D:5      | Learned a level 3 spell: Lesser Beckoning
  5073 | D:5      | Learned a level 2 spell: Ensorcelled Hibernation
  5184 | D:5      | Learned a level 1 spell: Magic Dart
  5205 | D:5      | Noticed Menkaure
  5530 | D:4      | Killed Menkaure
  5531 | D:4      | Reached skill level 1 in Throwing
  5531 | D:4      | Gained mutation: You curl defensively after being hit.
                  | [Palentonga growth]
  5531 | D:4      | Reached XP level 7. HP: 31/55 MP: 11/11
  7009 | D:5      | Reached XP level 8. HP: 17/62 MP: 3/13
  7688 | D:6      | Reached skill level 5 in Long Blades
  8026 | D:6      | Found a staircase to the Ecumenical Temple.
  8044 | Temple   | Entered the Ecumenical Temple
  8155 | Temple   | Became a worshipper of Hepliaklqana the Forgotten
  8187 | D:6      | Reached skill level 1 in Conjurations
  8223 | D:6      | Learned a level 3 spell: Teleport Other
  8557 | D:6      | Found a burning altar of Makhleb.
  8558 | D:6      | Found an opulent altar of Gozag.
  8611 | D:7      | Reached skill level 5 in Translocations
  8616 | D:7      | Reached XP level 9. HP: 33/69 MP: 11/15
  8804 | D:7      | Found Soturch's Antique Armour Emporium.
  8813 | D:7      | Bought a pair of runed gloves for 120 gold pieces
  8813 | D:7      | Bought a glowing cloak for 120 gold pieces
  8843 | D:7      | Found Gyfote's Weapon Boutique.
  9383 | D:7      | Identified the ring of the Modern Visionaries {Str+6 SInv}
  9386 | D:7      | Upgraded the game from 0.28-a0-20-gdd470a43dd to
                  | 0.28-a0-43-g560ac104fe
  9518 | D:7      | Found Fuankypp's Assorted Antiques.
  9526 | D:7      | Bought a scroll of identify for 56 gold pieces
  9574 | D:7      | Found Ferycw's Antique Armour Shop.
 10014 | D:8      | Found a sand-covered staircase.
 10019 | Ossuary  | Entered an ossuary
 10059 | Ossuary  | Reached skill level 5 in Spellcasting
 10387 | Ossuary  | Reached skill level 5 in Fighting
 10716 | D:8      | Reached XP level 10. HP: 68/79 MP: 2/17
 11103 | D:8      | Found a staircase to the Lair.
 11110 | D:8      | Reached skill level 1 in Ice Magic
 11267 | D:8      | Reached * piety under Hepliaklqana
 11297 | D:8      | Reached skill level 1 in Stealth
 11304 | D:8      | Reached skill level 1 in Hexes
 11842 | D:8      | Found a sacrificial altar of Ru.
 11958 | D:8      | Learned a level 5 spell: Manifold Assault
 12400 | Lair:1   | Entered Level 1 of the Lair of Beasts
 12404 | Lair:1   | Noticed a cane toad
 12440 | Lair:1   | Noticed Gastronok
 12461 | Lair:1   | Killed Gastronok
 12462 | Lair:1   | Reached skill level 5 in Dodging
 12462 | Lair:1   | Reached XP level 11. HP: 65/78 MP: 13/20
 12468 | Lair:1   | Reached skill level 5 in Armour
 12731 | Lair:1   | You fall into a shaft and drop 1 floor!
 12731 | Lair:2   | Noticed a six-headed hydra
 12748 | Lair:1   | HP: 3/78 [electric eel/bolt of electricity (3)]
 13633 | Lair:1   | Noticed a seven-headed hydra
 13694 | D:9      | Found a flagged portal.
 13709 | Bailey   | Entered a bailey
 14537 | Bailey   | Noticed an orc knight
 14537 | Bailey   | Noticed an orc warlord
 14622 | Bailey   | Killed an orc knight
 15591 | D:9      | Noticed Pikel
 15614 | D:8      | Killed Pikel
 15788 | D:9      | Found a stormy altar of Qazlal.
 15829 | D:9      | Reached ** piety under Hepliaklqana
 15862 | D:9      | Remembered your ancestor Chomolangma as a knight
 15889 | D:9      | Found a staircase to the Orcish Mines.
 17156 | Orc:1    | Entered Level 1 of the Orcish Mines
 17215 | Orc:1    | Found Daraseum's Book Shop.
 17267 | Orc:2    | Entered Level 2 of the Orcish Mines
 17267 | Orc:2    | Noticed an orc warlord
 18540 | Orc:2    | Reached XP level 12. HP: 75/86 MP: 19/23
 19013 | Orc:2    | Found a staircase to the Elven Halls.
 19027 | Orc:1    | Noticed a two-headed ogre
 19038 | Orc:1    | Killed a two-headed ogre
 19250 | Orc:2    | Upgraded the game from 0.28-a0-43-g560ac104fe to
                  | 0.28-a0-241-gfbb0926a3a
 19546 | Orc:2    | Noticed an orc high priest
 19554 | Orc:2    | Found Mucrupty's Weapon Shop.
 19566 | Orc:2    | Killed an orc high priest
 19835 | Orc:2    | Upgraded the game from 0.28-a0-241-gfbb0926a3a to
                  | 0.28-a0-385-g79de503ca0
 19908 | Orc:2    | Noticed an orc high priest
 19909 | Orc:2    | Found Cic Varghasho's General Store.
 19915 | Orc:2    | Killed an orc high priest
 20137 | Orc:2    | Bought a scroll of enchant armour for 105 gold pieces
 20137 | Orc:2    | Bought a scroll of acquirement for 728 gold pieces
 20137 | Orc:2    | Bought a potion of curing for 42 gold pieces
 20149 | Orc:2    | Acquired a +1 barding of stealth
 20155 | Orc:2    | Acquired 948 gold pieces
 20207 | Orc:2    | Killed from afar by an orc sorcerer

Illustrated notes

Levels and vault maps discovered:
D:1:      onia_arrival_zoo_common, layout_basic, nrook_campfire
D:2:      layout_basic, minmay_misc_feat_tower, chequers_serial_rivers_micro_d
D:3:      corexii_shack_village, layout_basic, amethyst_killhole
D:4:      layout_basic, minmay_misc_feat_more_columns
D:5:      layout_layer_cave, minmay_crystal_room, kennysheep_generic_room_15,
          uniq_menkaure
D:6:      layout_rooms, gammafunk_temple_overflow_statue,
          minmay_temple_entry_hall
D:7:      layout_cave_pools, serial_shops, nicolae_shop_statue_plus,
          kennysheep_little_box, nicolae_diamond_shop, nicolae_lakefront_shop,
          eino_tiny_chamber
D:8:      layout_gridville, overflow_temple_1_default, minmay_lair_entry_grove,
          enter_ossuary_2, grunt_potential
D:9:      layout_layer_cave, grunt_qazlal_sundering, david_orc_2,
          enter_bailey_2, uniq_pikel
Temple:   compressed_dpeg_circular_temple
Lair:1:   gammafunk_indiana_jones, layout_loops_ring, beast_lair_carwin_4,
          grunt_megastairs_2, infiniplex_staircase_pool, uniq_gastronok
Lair:2:   layout_regular_city, swamp_mist, dummy_snake_entry,
          nicolae_volcano_entry_s_turn, grunt_megastairs_1,
          infiniplex_staircase_pool_2, serial_bayou_shore_b
Orc:1:    layout_diamond_mine, serial_shops,
          nicolae_shop_temple_entry_statues_fountains
Orc:2:    grunt_orc_community_town_hall, layout_caves,
          grunt_orc_community_big_house_1, grunt_orc_community_big_house_1,
          grunt_orc_community_house_1, grunt_orc_community_house_3,
          grunt_orc_community_house_3, grunt_orc_community_house_1,
          mines3_lemuel

Skill      XL: |  1  2  3  4  5  6  7  8  9 10 11 12 |
---------------+-------------------------------------+-----
Armour         | 1 2 3 4 5 |  5.5
Dodging        | 2 3 4 5 |  5.2
Fighting       | 3 5 6 |  6.6
Long Blades    | 3 4 6 8 9 |  9.8
Shields        | 1 2 3 4 |  4.8
Spellcasting   | 3 4 5 6 7 8 |  8.1
Throwing       | 1 |  1.3
Translocations | 4 5 7 8 9 |  9.7
Conjurations   | 1 |  1.7
Ice Magic      | 1 |  1.3
Stealth        | 1 2 |  2.5
Hexes          | 1 |  1.2
Unarmed Combat | |  0.1
Evocations     | |  0.1

Action                   |  1- 3 |  4- 6 |  7- 9 | 10-12 || total
-------------------------+-------+-------+-------+-------++-------
Melee: Falchion          |   115 |   225 |   162 |       ||   502
       Tailslap          |     7 |    28 |    91 |   114 ||   240
       Scimitar          |       |       |   309 |   598 ||   907
       Unarmed           |       |       |       |    10 ||    10
       Dagger            |       |       |       |     2 ||     2
Throw: Boomerang         |     5 |    15 |     1 |     4 ||    25
 Cast: Gell's Gravitas   |       |    14 |    44 |   122 ||   180
       Magic Dart        |       |       |    42 |    25 ||    67
       Ensorcelled Hiber |       |       |     6 |    10 ||    16
       Blink             |       |       |     4 |     1 ||     5
       Teleport Other    |       |       |     1 |     9 ||    10
       Manifold Assault  |       |       |       |    36 ||    36
       Lesser Beckoning  |       |       |       |     2 ||     2
Invok: Ancestor Identity |       |       |       |     1 ||     1
       Recall Ancestor   |       |       |       |     3 ||     3
       Ancestor Life: Kn |       |       |       |     1 ||     1
 Abil: Rolling Charge    |     6 |    20 |    19 |     2 ||    47
Evoke: Wand              |       |       |       |     6 ||     6
  Use: Scroll            |     8 |     6 |    13 |     9 ||    36
       Potion            |       |     5 |     1 |     9 ||    15
 Stab: Sleeping          |       |       |     1 |     2 ||     3
       Distracted        |       |       |       |     9 ||     9
       Invisible         |       |       |       |     3 ||     3
Armor: Ring mail         |    69 |   114 |   287 |   270 ||   740
       Leather armour    |     5 |       |       |       ||     5
Dodge: Dodged            |    37 |    86 |   237 |   309 ||   669
Block: Buckler           |    26 |    50 |   201 |   138 ||   415
       Kite shield       |       |       |       |   138 ||   138
       Rpst.: Falchion   |     9 |    27 |    20 |       ||    56
       Scimitar          |       |       |    43 |    66 ||   109

Table legend: (Time is in decaauts)
 A = Elapsed time spent in this place.
 B = Non-inter-level travel time spent in this place.
 C = Inter-level travel time spent in this place.
 D = Time resting spent in this place.
 E = Time spent auto-exploring this place.
 F = Levels seen in this place.
 G = Mean time per level.
                   A        B        C        D        E       F      G
               +--------+--------+--------+--------+--------+-----+--------+
         Total |  20326 |  19614 |    712 |   2524 |  13416 |  16 | 1270.4 |
       Dungeon |  14744 |  14084 |    660 |   1562 |  10218 |   9 | 1638.2 |
        Temple |    131 |    112 |     19 |      0 |     74 |   1 |  131.0 |
          Lair |   1035 |   1035 |      0 |    214 |    556 |   2 |  517.5 |
  Orcish Mines |   2840 |   2807 |     33 |    748 |   1595 |   2 | 1420.0 |
       Ossuary |    618 |    618 |      0 |      0 |    301 |   1 |  618.0 |
        Bailey |    955 |    955 |      0 |      0 |    672 |   1 |  955.0 |
               +--------+--------+--------+--------+--------+-----+--------+

Top non-repeatable levels by time:
     D:8: 2387 daAuts
     D:5: 2130 daAuts
     D:9: 2087 daAuts
     D:3: 1689 daAuts
   Orc:2: 1568 daAuts
     D:4: 1460 daAuts
     D:7: 1446 daAuts
     D:2: 1440 daAuts
   Orc:1: 1271 daAuts
     D:6: 1153 daAuts
  Lair:1: 1023 daAuts
  Bailey: 955 daAuts
     D:1: 950 daAuts
 Ossuary: 618 daAuts
  Temple: 131 daAuts
